 Dungeon Crawl Stone Soup version 0.29.1-12-g30fa7ad0bf (webtiles) character file.

Game seed: 16120410041077318683

1022 javelincjr the Magician (level 8, 0/43 HPs)
             Began as a Deep Elf Conjurer on Jan 6, 2023.
             Was a Follower of Sif Muna.
             Slain by a killer bee (3 damage)
             ... on level 6 of the Dungeon on Jan 7, 2023.
             The game lasted 00:38:39 (6048 turns).

javelincjr the Magician (Deep Elf Conjurer)         Turns: 6048, Time: 00:38:39

Health: 0/43       AC:  3    Str: 12    XL:     8   Next: 2%
Magic:  0/21       EV: 13    Int: 24    God:    Sif Muna [*.....]
Gold:   268        SH:  0    Dex: 13    Spells: 6/21 levels left

rFire   . . .      SeeInvis .   q - +4 short sword
rCold   . . .      Faith    .   (no shield)
rNeg    + . .      Spirit   +   a - +0 robe
rPois   .          Reflect  .   f - +1 hat
rElec   .          Harm     .   (no cloak)
rCorr   .          Rampage  .   (no gloves)
Will    .....                   (no boots)
Stlth   +++.......              l - amulet of guardian spirit
HPRegen 0.14/turn               k - ring of positive energy
MPRegen 0.17/turn               x - +6 ring of strength

@: lethally poisoned (0 -> -10), hasted, very quick
A: no striking features
a: Renounce Religion, Channel Magic


You were on level 6 of the Dungeon.
You worshipped Sif Muna.
Sif Muna was aware of your devotion.
You visited 2 branches of the dungeon, and saw 7 of its levels.

You collected 268 gold pieces.

Inventory:

Hand Weapons
 c - a +0 trident
 d - a +0 spear
 n - a +0 dagger of speed
 p - a +2 dagger of venom
 q - a +4 short sword (weapon)
 u - a +0 dagger of flaming
Missiles
 v - 7 poisoned darts
Armour
 a - a +0 robe (worn)
 f - a +1 hat (worn)
 r - a +0 buckler
Jewellery
 k - a ring of positive energy (left hand)
 l - an amulet of guardian spirit (around neck)
 x - a +6 ring of strength (right hand)
Scrolls
 b - 6 scrolls of identify
 e - 2 scrolls of enchant weapon
 g - 6 scrolls of teleportation
Potions
 h - a potion of resistance
 j - 2 potions of heal wounds {unknown}
 m - a potion of might
 o - a potion of lignification {unknown}
 t - a potion of brilliance {unknown}


   Skills:
 + Level 1.5 Fighting
 + Level 1.7 Short Blades
 + Level 3.9 Dodging
 + Level 5.0 Stealth
 + Level 7.3 Spellcasting
 + Level 7.3 Conjurations
 + Level 0.3 Hexes
 + Level 1.5 Translocations


You had 6 spell levels left.
You knew the following spells:

 Your Spells              Type           Power      Damage    Failure   Level
a - Magic Dart            Conj           100%       1d8       1%          1
b - Searing Ray           Conj           86%        2d7       1%          2
c - Ensorcelled Hibernat  Hex/Ice        18%        N/A       10%         2
d - Fulminant Prism       Conj/Hex       13%        3d9       14%         4
e - Iskenderun's Mystic   Conj/Tloc      30%        2d8       11%         4
f - Passwall              Tmut/Erth      6%         N/A       11%         2

Your spell library contained the following spells:

 Spells                   Type           Power      Damage    Failure   Level
 Dazzling Flash           Conj/Hex       54%        N/A       4%          3
 Gell's Gravitas          Tloc           16%        N/A       11%         3
 Teleport Other           Tloc           16%        N/A       11%         3
 Swiftness                Air            8%         N/A       21%         3
 Fireball                 Conj/Fire      13%        3d7       41%         5
 Starburst                Conj/Fire      13%        6d5       94%         6
 Dispersal                Tloc           8%         N/A       99%         6
 Ignition                 Fire           4%         3d4       100%        8


Dungeon Overview and Level Annotations

Branches:
Dungeon (6/15)             Temple (1/1) D:4

Altars:
Ashenzari
Cheibriados
Dithmenos
Elyvilon
Fedhas
Gozag
Hepliaklqana
Kikubaaqudgha
Makhleb
Nemelex Xobeh
Okawaru
Qazlal
Ru
Sif Muna
Trog
Uskayaw
Vehumet
Wu Jian
Xom
Yredelemnul
Zin


Message History

The killer bee is lightly wounded.
The killer bee barely misses you. The killer bee misses you.
You miss the killer bee.
The killer bee is lightly wounded.
The killer bee stings you.
You hit the killer bee.
The killer bee is moderately wounded.
The killer bee barely misses you.
You hit the killer bee.
The killer bee is heavily wounded.
The killer bee closely misses you. The killer bee stings you.
You are poisoned.
The killer bee poisons you!
You miss the killer bee.
The killer bee is heavily wounded.
You feel sick. The killer bee completely misses you.
You barely miss the killer bee.
The killer bee is heavily wounded.
You feel sick.
The killer bee stings you but does no damage.
Casting: Searing Ray (safe; 1% risk of failure)
Confirm with . or Enter, or press ? or * to list all spells.
Aiming: Magic Dart (safe; 1% risk of failure)
Press: ? - help, Shift-Dir - straight line, f - killer bee
Aim: a killer bee (heavily wounded, 100% to hit)
The magic dart hits the killer bee.
The killer bee is severely wounded.
You feel sick. The killer bee stings you.
* * * LOW HITPOINT WARNING * * *
You are more poisoned.
The killer bee poisons you! The killer bee barely misses you.
Casting: Magic Dart (safe; 1% risk of failure)
Confirm with . or Enter, or press ? or * to list all spells.
You don't have enough magic to cast this spell.
Unknown command.
You hit the killer bee.
The killer bee is almost dead.
* * * LOW HITPOINT WARNING * * *
You feel sick. The killer bee stings you.
You die...

......)..#.#####.
.#..
...)............# ...
........#.#####.##...
.... #.#...#....#
..... #.#.((#....#
......#.#####....#
...............#.#
#######..._$..$..#
##..y@...###
##.....## #######


You could see a killer bee and 2 dancing weapons.

Vanquished Creatures
  A centaur (D:5)
  Blork the orc (D:6)
  2 scorpions (D:5)
  5 killer bees
  A hound (D:5)
  2 jellies
  An orc priest (D:6)
  5 iguanas
  3 orc wizards
  7 adders
  4 gnolls (D:3)
  A worm (D:2)
  2 dart slugs
  9 orcs
  7 ball pythons
  9 endoplasms
  3 giant cockroaches (D:1)
  9 goblins
  8 hobgoblins
  4 jackals (D:1)
  8 kobolds
  6 quokkas
  5 bats
  2 frilled lizards
  3 rats
108 creatures vanquished.

Vanquished Creatures (others)
  4 fulminant prisms (D:6)
  A plant (D:5)
5 creatures vanquished.

Grand Total: 113 creatures vanquished

Notes
Turn   | Place    | Note
-------+----------+-------------------------------------------
     0 | D:1      | javelincjr the Deep Elf Conjurer began the quest for the
                  | Orb.
     0 | D:1      | Reached XP level 1. HP: 10/10 MP: 6/6
    62 | D:1      | Reached XP level 2. HP: 11/15 MP: 0/8
   319 | D:1      | Learned a level 2 spell: Searing Ray
   361 | D:1      | Reached skill level 5 in Conjurations
   615 | D:1      | Reached XP level 3. HP: 19/19 MP: 5/9
   854 | D:1      | Found a faded altar of an unknown god.
  1686 | D:2      | Reached XP level 4. HP: 9/24 MP: 7/11
  2997 | D:3      | Reached XP level 5. HP: 20/28 MP: 4/13
  3187 | D:3      | Found a radiant altar of Vehumet.
  3187 | D:3      | Found a broken altar of Ashenzari.
  3947 | D:4      | Reached skill level 5 in Spellcasting
  4051 | D:4      | Found a staircase to the Ecumenical Temple.
  4062 | Temple   | Entered the Ecumenical Temple
  4223 | Temple   | Became a worshipper of Sif Muna the Loreminder
  4753 | D:5      | Entered Level 5 of the Dungeon
  4941 | D:5      | Reached skill level 1 in Fighting
  4941 | D:5      | Reached skill level 1 in Short Blades
  4941 | D:5      | Reached XP level 6. HP: 34/34 MP: 9/15
  5354 | D:5      | Learned a level 2 spell: Ensorcelled Hibernation
  5452 | D:5      | Reached XP level 7. HP: 38/38 MP: 10/18
  5782 | D:5      | Learned a level 4 spell: Fulminant Prism
  5787 | D:5      | Learned a level 4 spell: Iskenderun's Mystic Blast
  5822 | D:5      | Learned a level 2 spell: Passwall
  5849 | D:5      | Reached skill level 1 in Translocations
  5974 | D:6      | Noticed Blork the orc
  5977 | D:6      | Reached skill level 5 in Stealth
  5979 | D:6      | Killed Blork the orc
  6022 | D:6      | Found a hide-covered altar of Uskayaw.
  6022 | D:6      | Noticed a +0 hand axe
  6022 | D:6      | Noticed a +0 hand axe
  6035 | D:6      | Reached * piety under Sif Muna
  6036 | D:6      | Reached XP level 8. HP: 14/43 MP: 1/21
  6048 | D:6      | Slain by a killer bee

Illustrated notes

Levels and vault maps discovered:
D:1:      dpeg_arrival_stonehenge_12_columns, layout_rooms,
          chequers_ecumenical_altar_twisty
D:2:      layout_basic
D:3:      layout_rooms, gammafunk_temple_overflow_elements,
          ebering_dispersal_statue_hall, minmay_misc_feat_ornament
D:4:      layout_loops_corners, temple_green, minivault_26
D:5:      layout_cave_pools, minmay_misc_feat_alley, grunt_decor_one_mirror,
          serial_bayou_crossing
D:6:      layout_basic, dancing_weapons_uskayaw, serial_shops, shop,
          columned_hall_lemuel, hex_medium, nicolae_benzene_ring, uniq_grinder,
          uniq_blork_the_orc
Temple:   mainiacjoe_temple_coin_purse

Skill      XL: |  1  2  3  4  5  6  7 |
---------------+----------------------+-----
Conjurations   | 5 6 7 |  7.3
Dodging        | 3 |  3.9
Spellcasting   | 4 5 6 7 |  7.3
Stealth        | 3 4 5 |  5.0
Fighting       | 1 |  1.5
Short Blades   | 1 |  1.7
Translocations | 1 |  1.5
Hexes          | |  0.3

Action                   |  1- 3 |  4- 6 |  7- 9 || total
-------------------------+-------+-------+-------++-------
Melee: Spear             |    17 |       |       ||    17
       Short sword       |     4 |    14 |    25 ||    43
       Dagger            |    18 |    15 |       ||    33
 Cast: Magic Dart        |    62 |    58 |     6 ||   126
       Searing Ray       |     3 |    25 |     5 ||    33
       Fulminant Prism   |       |       |     4 ||     4
       Iskenderun's Myst |       |       |     2 ||     2
       Ensorcelled Hiber |       |       |     1 ||     1
  Use: Potion            |     1 |       |     3 ||     4
       Scroll            |       |    12 |     1 ||    13
 Stab: Sleeping          |     2 |     3 |       ||     5
Armor: Robe              |    10 |     2 |     5 ||    17
Dodge: Dodged            |    31 |    24 |    36 ||    91
